 Dungeon Crawl Stone Soup version 0.31-a0-595-g4209ae197b (webtiles) character file.

Game seed: 15603372450362789561

32 Descartes the Changeling (level 3, 0/12 (15) HPs)
             Began as a Felid Shapeshifter on Aug 20, 2023.
             Slain by Terence
             ... wielding a +2 flail of draining
              (1 damage)
             ... on level 2 of the Dungeon.
             The game lasted 00:01:18 (745 turns).

Descartes the Changeling (Felid Shapeshifter)        Turns: 745, Time: 00:01:19

HP:   0/12 (15)     AC:  1    Str: 13    XL:     3   Next: 10%
MP:   4/4           EV: 17    Int:  9    God:
Gold: 117           SH:  0    Dex: 16    Spells: 2/2 levels left
                                        Lives: 0   Deaths: 0

rFire   . .          .
                       - Unarmed
rCold   . . .        (shield unavailable)
rNeg    . . .        (body armour unavailable)
rPois   .            (helmet unavailable)
rElec   .            (cloak unavailable)
rCorr   .            (gloves unavailable)
SInv    +            (boots unavailable)
Will    .....        (no amulet)
Stlth   ++           (no ring)
HPRegen 0.22/turn    (no ring)
MPRegen 0.09/turn

%: no passive effects
@: beast-form, heavily drained, quick
A: beast (slay +2), very small, claws 1, fangs 3, see invisible, speed 1, shaggy
fur 1, stealthy paws, no weapons or thrown items, no armour, multi-lived
a: Begin Untransformation


You were on level 2 of the Dungeon.
You were a hulking beast.
You visited 1 branch of the dungeon, and saw 2 of its levels.

You collected 117 gold pieces.

Inventory:

Jewellery
 m - an amulet of faith
 o - an amulet of magic regeneration
Talismans
 b - a beast talisman (active)
 c - a flux talisman
 d - a flux talisman
Scrolls
 e - 3 scrolls of enchant weapon {unknown}
 f - a scroll of noise {unknown}
 g - a scroll of vulnerability {unknown}
 i - 2 scrolls of teleportation {unknown}
 l - a scroll of identify {unknown}
 n - 2 scrolls of fear {unknown}
Potions
 a - 2 potions of lignification
 h - a potion of curing {unknown}
 j - a potion of invisibility {unknown}
 k - a potion of heal wounds {unknown}
 p - a potion of mutation {unknown}


   Skills:
 + Level 1.5 Fighting
 + Level 3.1 Dodging
 * Level 2.0 Stealth
 * Level 3.3 Unarmed Combat
 + Level 3.4 Shapeshifting


You had 2 spell levels left.
You didn't know any spells.
Your spell library contained the following spells:

 Spells                   Type           Power      Damage    Failure   Level
 Foxfire                  Conj/Fire      0%         2x1d4     38%         1
 Wereblood                Tmut           0%         N/A       52%         2
 Fulminant Prism          Conj/Hex       0%         3d5       99%         4
 Petrify                  Tmut/Erth      0%         N/A       99%         4


Dungeon Overview and Level Annotations

Branches:
Dungeon (2/15)

Altars:

Annotations:
D:2 Terence


Innate Abilities, Weirdness & Mutations

You are a hulking beast.
Your limbs bulge with bestial killing power. (Slay +2)
You have sharp claws.
You have razor-sharp teeth.
You have supernaturally acute eyesight. (SInv)
You cover ground quickly. (Speed+)
You are covered in fur. (AC +1)
Your paws help you pounce on unaware monsters.
You are incapable of wielding weapons or throwing items.
You cannot wear armour.
You gain extra lives every three experience levels.


Message History

The jackal is lightly wounded.
The jackal barely misses you.
Terence hits you with a +2 flail of draining.
You feel drained.
You barely miss the jackal.
The jackal is lightly wounded.
The jackal completely misses you. Terence closely misses you.
You claw the jackal!
You kill the jackal!
Terence closely misses you.
You closely miss Terence. Terence closely misses you.
You closely miss Terence. You bite Terence.
Terence is lightly wounded.
You scratch Terence.
Terence is moderately wounded.
Terence closely misses you.
You scratch Terence.
Terence is heavily wounded.
Terence misses you.
You claw Terence! Your bite misses Terence.
Terence is almost dead.
Terence barely misses you.
You scratch Terence but do no damage.
Terence is almost dead.
Terence hits you with a +2 flail of draining.
You feel drained.
* * * LOW HITPOINT WARNING * * *
You are too injured to fight recklessly!
You are too injured to fight recklessly!
You are too injured to fight recklessly!
You are too injured to fight recklessly!
You are too injured to fight recklessly!
You are too injured to fight recklessly!
You are too injured to fight recklessly!
You scratch Terence.
Terence is almost dead.
Terence hits you with a +2 flail of draining.
* * * LOW HITPOINT WARNING * * *
You feel drained.
You die...

#.?....# #(.....#
#......# ##### #......#
#...# #......# #.#.#
#......# #.#.#
#...@..#####.#.#
#...†h.#.....#.#
##.##'##.#####.#
#.##...).#.#
#######.######.#.#
#.......# #.#.#
#.....########.#.#######
+...<..........>........
#....##########..######.
#....# #........#


You could see Terence.

Vanquished Creatures
  3 dart slugs
  2 endoplasms
  A goblin (D:1)
  2 hobgoblins (D:1)
  3 jackals (D:2)
  A quokka (D:2)
  5 bats
  2 frilled lizards (D:1)
  4 kobolds
  5 rats
28 creatures vanquished.

Notes
Turn   | Place    | Note
-------+----------+-------------------------------------------
     0 | D:1      | Descartes the Felid Shapeshifter began the quest for the
                  | Orb.
     0 | D:1      | Reached XP level 1. HP: 9/9 MP: 2/2
    70 | D:1      | Reached skill level 1 in Stealth
    70 | D:1      | Reached XP level 2. HP: 12/12 MP: 3/3
   387 | D:1      | Got the Quarto of the Fulgent Figure
   669 | D:2      | Reached XP level 3. HP: 15/15 MP: 4/4
   730 | D:2      | Noticed Terence
   745 | D:2      | Slain by Terence

Illustrated notes

Levels and vault maps discovered:
D:1:      roderic_dead_forest, layout_rooms
D:2:      layout_basic, serial_shops, shop, dreamdust_wishing_well, uniq_terence

Skill      XL: |  1  2 |
---------------+-------+-----
Stealth        | 1 2 |  2.0
Dodging        | 3 |  3.1
Fighting       | |  1.5
Unarmed Combat | |  3.3
Shapeshifting  | |  3.4

Action                     || total
---------------------------++-------
  Melee: Unarmed           ||    77
         Bite              ||     4
   Stab: Sleeping          ||     2
 Armour: Skin              ||     9
  Dodge: Dodged            ||    56

Table legend: (Time is in decaauts)
 A = Elapsed time spent in this place.
 B = Non-inter-level travel time spent in this place.
 C = Inter-level travel time spent in this place.
 D = Time resting spent in this place.
 E = Time spent auto-exploring this place.
 F = Levels seen in this place.
 G = Mean time per level.
                   A        B        C        D        E       F      G
               +--------+--------+--------+--------+--------+-----+--------+
         Total |    631 |    627 |      4 |      0 |    451 |   2 |  315.5 |
       Dungeon |    631 |    627 |      4 |      0 |    451 |   2 |  315.5 |
               +--------+--------+--------+--------+--------+-----+--------+

Top non-repeatable levels by time:
     D:1: 432 daAuts
     D:2: 199 daAuts
